 Dungeon Crawl Stone Soup version 0.18-a0-1211-g828307d (webtiles) character file.

210 namelastname112 the Chopper (level 6, -4/53 HPs)
             Began as a Formicid Chaos Knight on Feb 2, 2016.
             Slain by Crazy Yiuf
             ... wielding a +2 quarterstaff of chaos
              (9 damage)
             ... on level 3 of the Dungeon.
             The game lasted 00:04:13 (2363 turns).

namelastname112 the Chopper (Formicid Chaos Knight) Turns: 2363, Time: 00:04:13

Health: -4/53      AC:  7    Str: 18    XL:     6   Next: 12%
Magic:  6/6        EV: 10    Int: 12    God:    Xom [......]
Gold:   189        SH:  7    Dex: 10    Spells: 0 memorised, 5 levels left

rFire  . . .     SeeInvis +     a - +0 hand axe (chaos)
rCold  + . .     Gourm    .     b - +2 leather armour
rNeg   . . .     Faith    .     o - +0 shield
rPois  .         Spirit   .     (helmet unavailable)
rElec  .         Dismiss  .     (no cloak)
rCorr  +         Reflect  .     (no gloves)
SustAt .         Harm     .     d - +0 pair of boots
MR     .....                    (no amulet)
Stlth  +.........               n - ring of resist corrosion
                                g - ring of protection from cold

@: lethally poisoned (-4 -> -12), drained, not resistant to hostile
enchantments, very unstealthy
A: permanent stasis, dig shafts and tunnels, four strong arms, antennae 3
a: Dig, Shaft Self, Renounce Religion


You were on level 3 of the Dungeon.
You worshipped Xom.
You were a very special plaything of Xom.
You were not hungry.

You visited 1 branch of the dungeon, and saw 3 of its levels.

You collected 189 gold pieces.

Inventory:

Hand Weapons
 a - a +0 hand axe of chaos (weapon)
Armour
 b - a +2 leather armour (worn)
 d - a +0 pair of boots (worn)
 o - a +0 shield (worn)
Jewellery
 g - a ring of protection from cold (left hand)
 n - a ring of resist corrosion (right hand)
Wands
 q - a wand of polymorph (9/24)
 w - a wand of random effects (14/48)
Scrolls
 e - a scroll of enchant armour {unknown}
 f - 5 scrolls of recharging {unknown}
 h - 4 scrolls of teleportation {unknown}
 i - 5 scrolls of immolation {unknown}
 j - a scroll of random uselessness {unknown}
 k - 6 scrolls of identify {unknown}
 m - a scroll of remove curse {unknown}
 r - 3 scrolls of magic mapping {unknown}
Potions
 p - a potion of mutation {unknown}
 t - a potion of invisibility {unknown}
 u - a potion of haste {unknown}
 v - a potion of berserk rage {unknown}
 x - a potion of brilliance {unknown}
Comestibles
 c - 2 bread rations
 l - 3 fruits


   Skills:
 + Level 6.3(5.9) Fighting
 + Level 7.6(7.2) Axes
 + Level 5.9(5.5) Armour
 + Level 4.6(4.2) Dodging
 + Level 1.2(0.8) Shields


You had 5 spell levels left.
You didn't know any spells.

Dungeon Overview and Level Annotations

Branches:
Dungeon (3/15)

Altars:
Ashenzari
Qazlal
Zin

Annotations:
D:3 Crazy Yiuf


Innate Abilities, Weirdness & Mutations

You are under a permanent stasis effect.
You can dig through walls and to a lower floor.
Your four strong arms can wield two-handed weapons with a shield.
You have a pair of large antennae on your head (SInv).


Message History

You hit Crazy Yiuf. You burn Crazy Yiuf.
Crazy Yiuf is moderately wounded.
You feel sick. You block Crazy Yiuf's attack. x2
You barely miss Crazy Yiuf.
Crazy Yiuf is moderately wounded.
You feel sick. Crazy Yiuf closely misses you.
You closely miss Crazy Yiuf.
Crazy Yiuf is moderately wounded.
You feel sick.
Crazy Yiuf hits you with a quarterstaff of chaos!
You feel drained.
You hit Crazy Yiuf.
There is a sudden explosion of sparks!
Crazy Yiuf is almost dead.
You feel sick.
Crazy Yiuf hits you with a quarterstaff of chaos!
* * * LOW HITPOINT WARNING * * *
You emit a cloud of colourful smoke!
Your stasis keeps you stable.
Crazy Yiuf hits you with a quarterstaff of chaos!
You die...

.....# .....# .....#
{ .....# .....#
.....####♣♣♣♣♣
......#...)♣)♣♣♣ ####
#####......)♣)§♣#§))#
#......♣♣♣♣§@g§.#
##....♣♣ ♣♣#§))#
####♣♣ #### #####
#...# ##...#########
.....'.......#
##...##.######
#........#


You could see Crazy Yiuf (berserk).

Vanquished Creatures
  An orc priest (D:3)
  Ijyb (D:2)
  Robin (D:3)
  4 adders
  4 worms
  A giant gecko (D:2)
  5 orcs (D:3)
  A ball python (D:2)
  5 giant cockroaches
  12 goblins
  12 hobgoblins
  A quokka (D:3)
  2 bats
  A giant newt (D:2)
  6 kobolds (D:1)
  5 rats
62 creatures vanquished.

Vanquished Creatures (collateral kills)
  A goblin (D:3)
1 creature vanquished.

Grand Total: 63 creatures vanquished

Notes
Turn   | Place    | Note
--------------------------------------------------------------
     0 | D:1      | namelastname112 the Formicid Chaos Knight began the quest for the Orb.
     0 | D:1      | Reached XP level 1. HP: 18/18 MP: 1/1
   173 | D:1      | Reached skill level 1 in Dodging
   290 | D:1      | XOM: harmless Pois miscast
   365 | D:1      | Reached XP level 2. HP: 21/24 MP: 2/2
   934 | D:2      | XOM: confuse monster(s)
   942 | D:2      | Reached XP level 3. HP: 25/29 MP: 3/3
   945 | D:2      | Noticed Ijyb
   945 | D:2      | XOM: confuse monster(s)
   948 | D:2      | XOM: enchant monster (good)
   972 | D:2      | Reached skill level 6 in Fighting
   972 | D:2      | Reached skill level 7 in Axes
   972 | D:2      | Reached skill level 5 in Armour
   972 | D:2      | Reached XP level 4. HP: 4/40 MP: 4/4
   977 | D:2      | Killed Ijyb
  1155 | D:2      | Found a glowing silver altar of Zin.
  1229 | D:2      | XOM: butterfly on damage
  1263 | D:2      | Reached XP level 5. HP: 35/46 MP: 5/5
  1264 | D:2      | Found a shattered altar of Ashenzari.
  1502 | D:2      | XOM: harmless Trmt miscast
  1727 | D:3      | Found a stormy altar of Qazlal.
  1732 | D:3      | XOM: fake destruction
  1820 | D:3      | Noticed Robin
  1849 | D:3      | Killed Robin
  1882 | D:3      | XOM: noise
  1887 | D:3      | Reached XP level 6. HP: 29/53 MP: 6/6
  1889 | D:3      | Reached skill level 1 in Shields
  2354 | D:3      | Noticed Crazy Yiuf
  2363 | D:3      | XOM: smoke on damage
  2363 | D:3      | Slain by Crazy Yiuf

Vault maps used:
D:1:      dpeg_arrival_simpleton_b
D:2:      zin_scriptorium, ashenzari_conservatory_becter, first_bread, uniq_iyjb
D:3:      grunt_qazlal_clouds, hangedman_decor_lopped, uniq_crazy_yiuf_cottage,
          uniq_robin

Action                   |  1- 3 |  4- 6 || total
-------------------------+-------+-------++-------
Melee: Hand axe          |    68 |   147 ||   215
 Abil: Dig               |       |     1 ||     1
  Use: Potion            |     1 |     2 ||     3
 Stab: Paralysed         |     1 |     3 ||     4
  Eat: Chunk             |       |     5 ||     5
